 Dungeon Crawl Stone Soup version 0.26.1-11-gd32895ea62 (webtiles) character file.

Game seed: 7358782364327359299

149 adizb the Sneak (level 5, -14/35 HPs)
             Began as an Octopode Brigand on June 25, 2021.
             Was an Initiate of Dithmenos.
             Demolished by an ogre
             ... wielding a +0 giant club
              (25 damage)
             ... on level 4 of the Dungeon.
             The game lasted 00:29:58 (2879 turns).

adizb the Sneak (Octopode Brigand)                  Turns: 2879, Time: 00:29:59

Health: -14/35     AC:  1    Str: 10    XL:     5   Next: 31%
Magic:  5/5        EV: 13    Int: 13    God:    Dithmenos [......]
Gold:   220        SH:  0    Dex: 15    Spells: 4/4 levels left

rFire    . . .     SeeInvis .   n - +0 rapier
rCold    . . .     Faith    .   (no shield)
rNeg     . . .     Spirit   .   (helmet restricted)
rPois    .         Reflect  .   (no amulet)
rElec    .         Harm     .   u - ring of wizardry
rCorr    .         Rampage  .   (no ring)
Will     .....                  (no ring)
Stlth    ++++......             (no ring)
HPRegen  0.11/turn              (no ring)
MPRegen  0.09/turn              (no ring)
                                (no ring)
                                (no ring)

@: no status effects
A: almost no armour, stealthy swim, amphibious, 8 rings, constrict 8, camouflage
1, gelatinous body 1
a: Renounce Religion


You were on level 4 of the Dungeon.
You worshipped Dithmenos.
Dithmenos was noncommittal.
You visited 2 branches of the dungeon, and saw 5 of its levels.

You collected 220 gold pieces.

Inventory:

Hand Weapons
 a - a +2 dagger
 j - a +0 hunting sling
 n - a +0 rapier (weapon)
Missiles
 b - 22 poisoned darts (quivered)
 c - a curare-tipped dart
 m - 37 stones
 p - 21 sling bullets
Jewellery
 q - an uncursed ring of teleportation
 u - a ring of wizardry (left tentacle)
Wands
 r - a wand of flame (17)
Scrolls
 g - a scroll of amnesia
 h - a scroll of identify
 l - 2 scrolls of remove curse
 o - a scroll of blinking {unknown}
Potions
 d - a potion of heal wounds {unknown}
 f - a potion of curing {unknown}
 k - a potion of might {unknown}
 t - 2 potions of invisibility {unknown}
 v - a potion of haste {unknown}


   Skills:
 + Level 2.3 Fighting
 + Level 2.5 Short Blades
 - Level 0.5(2.1) Slings
 + Level 3.3 Throwing
 * Level 1.9 Dodging
 + Level 6.7 Stealth


You had 4 spell levels left.
You didn't know any spells.
Your spell library was empty.

Dungeon Overview and Level Annotations

Branches:
Dungeon (4/15)             Temple (1/1) D:4

Altars:
Ashenzari
Cheibriados
Dithmenos
Elyvilon
Fedhas
Gozag
Hepliaklqana
Kikubaaqudgha
Makhleb
Okawaru
Qazlal
Ru
Uskayaw
Vehumet
Wu Jian
Xom
Yredelemnul
Zin
The Shining One


Innate Abilities, Weirdness & Mutations

You cannot wear most types of armour.
You are very stealthy in the water. (Stealth+)
You are amphibious.
You can wear up to eight rings at the same time.
You can use your tentacles to constrict eight enemies at once.
Your skin changes colour to match your surroundings (Stealth+).
Your rubbery body absorbs attacks. (AC +1, EV +1)


Message History

You throw a poisoned dart. The poisoned dart hits the ogre.
The ogre looks even sicker.
Your attack snaps the ogre out of its fear.
The ogre is heavily wounded.
The ogre barely misses you.
You climb downwards.
There is a stone staircase leading up, spattered with blood here.
As you read the scroll of fog, it crumbles to dust.
The scroll dissolves into smoke.
You hit the ogre but do no damage. Your squeeze misses the ogre.
The ogre is heavily wounded.
The ogre completely misses you.
You hit the ogre.
The ogre is severely wounded.
The ogre barely misses you.
You hit the ogre.
The ogre is severely wounded.
The ogre hits you with a +0 giant club!!
Ouch! That really hurt!
You die...

#.#.#.##......##.#
#.....<#......##.####
.....##.#.............#
#.#.....#..........##.#
##+###.#.#.#.#.....#.##.##.#
#......#.#.#.#..........##.#
#......#.#......§§..###....#
.......#.###.#§§§§#.#########
#......#.#....§§@§#.....# #.#
#...(......#..§§O§#####.###.#
..............§§§§§.# #.....#
..##.###........§§#.###.#...#
.. #..#......#....#...#.#.#.#
.# #.........#....#.#.#.#.###
.###..#......###.####..[#.#
.##..........# #....#.....#
.#...#.#.....# ####.#.#.#.#


You could see an ogre (poisoned).

Vanquished Creatures
  8 adders
  A worm (D:2)
  3 dart slugs
  A leopard gecko (D:1)
  3 orcs
  2 ball pythons
  6 giant cockroaches
  4 goblins
  4 hobgoblins
  6 jackals (D:2)
  6 kobolds
  3 quokkas
  5 bats
  6 frilled lizards
  8 rats
66 creatures vanquished.

Vanquished Creatures (others)
  4 toadstools (D:1)
4 creatures vanquished.

Grand Total: 70 creatures vanquished

Notes
Turn   | Place    | Note
-------+----------+-------------------------------------------
     0 | D:1      | adizb the Octopode Brigand began the quest for the Orb.
     0 | D:1      | Reached XP level 1. HP: 14/14 MP: 1/1
   118 | D:1      | Reached XP level 2. HP: 15/19 MP: 2/2
   134 | D:1      | Reached skill level 6 in Stealth
   681 | D:2      | Reached XP level 3. HP: 11/24 MP: 3/3
   880 | D:2      | Reached XP level 4. HP: 18/29 MP: 4/4
  1602 | D:3      | Reached XP level 5. HP: 34/34 MP: 5/5
  1795 | D:3      | Found a hide-covered altar of Uskayaw.
  1939 | D:3      | Found a white marble altar of Elyvilon.
  2519 | D:4      | Found a staircase to the Ecumenical Temple.
  2539 | Temple   | Entered the Ecumenical Temple
  2726 | Temple   | Became a worshipper of Dithmenos the Shadowed
  2839 | D:4      | Noticed an ogre
  2879 | D:4      | Demolished by an ogre

Illustrated notes

Levels and vault maps discovered:
D:1:      ldierk_water_garden, layout_loops_ring, item_on_display_a
D:2:      layout_loops_ring
D:3:      layout_loops_ring, lemuel_crystal_altar, lemuel_doored_altar,
          grunt_ministairs_6
D:4:      layout_basic, temple_hall
Temple:   minmay_temple_bridge_d

Skill      XL: |  1  2  3  4 |
---------------+-------------+-----
Stealth        | 6 |  6.7
Throwing       | 3 |  3.3
Fighting       | |  2.3
Short Blades   | |  2.5
Slings         | |  0.5
Dodging        | |  1.9

Action                   |  1- 3 |  4- 6 || total
-------------------------+-------+-------++-------
Melee: Dagger            |    32 |    42 ||    74
       Constrict         |     8 |    13 ||    21
       Tentacles         |     4 |     6 ||    10
       Rapier            |       |     3 ||     3
 Fire: Hunting sling     |       |    42 ||    42
Throw: Dart              |    40 |    45 ||    85
  Use: Scroll            |       |    11 ||    11
 Stab: Sleeping          |     1 |       ||     1
Armor: Skin              |     2 |     4 ||     6
Dodge: Dodged            |    16 |    29 ||    45
